Map: Prion Terraces

Players

LindyHop

  • Race: Zerg Zerg
  • League: Silver

Vincenk - Winner!

  • Race: Protoss Protoss

VOD

Have the link to the VOD?

Description

Time

  • Played on: Nov. 28, 2015, 1:03 p.m.
  • Length: 7:19
Show
View Real Time Build Order
Export as new Build Order

LindyHop Zerg 

Build Orders: Hatch First 

Get SALT Encoding   

  12  0:01  Drone  
  13  0:07  Drone  
  14  0:34  Hatchery  
  13  0:41  Overlord  
  13  0:47  Drone  
  14  1:03  Spawning Pool  
  13  1:06  Drone  
  13  1:10  Drone  
  15  1:14  Drone  
  16  1:18  Drone  
  17  1:30  Extractor  
  16  1:37  Drone  
  17  1:44  Drone  
  17  1:46  Drone  
  19  1:51  Queen  
  21  1:54  Queen  
  21  2:00  Drone  
  24  2:05  Overlord  
  24  2:09  Drone  
  24  2:15  Drone  
  26  2:26  Drone x3  
  29  2:44  Drone  
  29  2:51  Hatchery  
  29  2:57  Drone x4  
  33  3:04  Drone x2  
  35  3:11  Metabolic Boost  
  35  3:14  Drone  
  35  3:17  Overlord  
  36  3:29  Overlord  
  36  3:35  Queen  
  36  3:38  Zergling x6  
  36  3:39  Zergling x4  
  43  3:55  Lair  
  43  4:18  Zergling x6  
  43  4:19  Zergling x2  
  43  4:20  Overlord x2  
  43  4:23  Drone x3, Extractor  
  49  4:25  Drone x3  
  52  4:37  Zergling x10  
  57  4:43  Drone  
  57  4:44  Drone x2  
  57  4:45  Overlord x2  
  60  4:49  Extractor x2  
  60  4:52  Zergling x4  
  58  4:58  Hydralisk Den  
  57  5:04  Extractor  
  57  5:05  Extractor  
  53  5:08  Zergling x12  
  53  5:18  Zergling x6  
  52  5:29  Hydralisk x3  
  54  5:47  Hydralisk  
  52  5:51  Zergling x2  
  52  5:52  Zergling x8  
  57  5:58  Hydralisk  
  53  6:20  Zergling x2  
  53  6:23  Zergling x14  
  49  6:33  Roach Warren  
  48  6:42  Spine Crawler  
  48  6:43  Spine Crawler x2  
  48  6:46  Zergling x12  
  32  7:17  Spine Crawler x2  
Show
View Real Time Build Order
Export as new Build Order

Vincenk Protoss - Winner!

Build Orders: Nexus First 

Get SALT Encoding   

  12  0:02  Probe (Chrono Boost)  
  13  0:13  Probe (Chrono Boost)  
  14  0:21  Pylon  
  14  0:28  Probe (Chrono Boost)  
  15  0:39  Probe (Chrono Boost)  
  17  0:50  Probe (Chrono Boost)  
  17  1:00  Nexus  
  17  1:03  Probe (Chrono Boost)  
  18  1:13  Gateway  
  18  1:18  Assimilator  
  18  1:21  Probe (Chrono Boost)  
  20  1:33  Probe (Chrono Boost)  
  20  1:36  Pylon  
  20  1:43  Probe (Chrono Boost)  
  21  1:54  Probe (Chrono Boost)  
  22  1:59  Assimilator  
  22  2:01  Cybernetics Core  
  22  2:04  Probe (Chrono Boost)  
  22  2:07  Zealot  
  25  2:13  Probe (Chrono Boost)  
  26  2:20  Probe (Chrono Boost)  
  27  2:33  Probe (Chrono Boost)  
  28  2:39  Probe (Chrono Boost)  
  28  2:41  Assimilator  
  31  2:44  Mothership Core (Chrono Boost)  
  31  2:45  Warp Gate (Chrono Boost)  
  31  2:48  Adept  
  33  2:54  Gateway  
  33  2:59  Probe (Chrono Boost)  
  33  3:04  Probe (Chrono Boost)  
  35  3:09  Probe (Chrono Boost)  
  36  3:16  Gateway  
  36  3:17  Probe (Chrono Boost)  
  37  3:22  Probe (Chrono Boost)  
  37  3:24  Adept  
  40  3:31  Probe  
  40  3:33  Pylon  
  41  3:35  Probe  
  42  3:50  Probe  
  42  3:52  Assimilator  
  42  3:53  Stalker  
  42  3:54  Stalker  
  47  4:03  Pylon  
  47  4:06  Gateway  
  47  4:07  Gateway  
  47  4:13  Adept  
  47  4:16  Probe  
  49  4:21  Pylon  
  50  4:41  Adept  
  52  4:52  Pylon  
  51  5:01  Adept x2  
  47  5:14  Adept  
  47  5:15  Adept  
  49  5:32  Adept x2  
  49  5:33  Probe  
  52  5:49  Nexus  
  52  5:52  Adept  
  52  5:53  Adept x3  
  52  5:55  Probe  
  52  5:56  Probe  
  62  6:05  Robotics Facility  
  62  6:06  Probe  
  62  6:07  Probe  
  64  6:20  Stalker  
  64  6:21  Adept x2  
  70  6:31  Pylon  
  70  6:54  Adept x5  
Tags
 
Add a new tag
Caveats
  • Supply blocks, unpowered buildings, or Contaminate may cause inaccurate times.
  • Supply counts are checked every 10 seconds.